 Dungeon Crawl Stone Soup version 0.30.0-29-ga12c61a403 (webtiles) character file.

Game seed: 7029763749010236872

2450 slobbisto the Cleaver (level 9, -3/79 HPs)
             Began as a Minotaur Fighter on June 7, 2023.
             Was a Believer of Okawaru.
             Shot with an arrow by a centaur (11 damage)
             ... on level 6 of the Dungeon.
             The game lasted 00:39:50 (6060 turns).

slobbisto the Cleaver (Minotaur Fighter)            Turns: 6060, Time: 00:39:50

Health: -3/79      AC:  8    Str: 24    XL:     9   Next: 25%
Magic:  8/8        EV: 15    Int: 11    God:    Okawaru [**....]
Gold:   476        SH:  0    Dex: 11    Spells: 8/8 levels left

rFire   . . .        x - +1 battleaxe
rCold   . . .        (shield currently unavailable)
rNeg    . . .        b - +0 scale mail
rPois   .            (helmet restricted)
rElec   .            (no cloak)
rCorr   .            (no gloves)
SInv    .            (no boots)
Will    .....        (no amulet) Stlth
                     j - +6 ring of intelligence
HPRegen 0.33/turn    y - +5 ring of evasion
MPRegen 0.11/turn

%: no passive effects
@: no status effects
A: horns 2, retaliatory headbutt
a: Renounce Religion, Heroism


You were on level 6 of the Dungeon.
You worshipped Okawaru.
Okawaru was pleased with you.
You visited 2 branches of the dungeon, and saw 8 of its levels.

You collected 476 gold pieces.

Inventory:

Hand Weapons
 a - a +0 war axe
 x - a +1 battleaxe (weapon)
Missiles
 l - 58 stones
 m - 24 poisoned darts (quivered)
 B - 2 throwing nets
Armour
 b - a +0 scale mail (worn)
 c - a +0 buckler
Jewellery
 j - a +6 ring of intelligence (left hand)
 y - a +5 ring of evasion (right hand)
Wands
 u - a wand of roots (8)
Scrolls
 f - a scroll of blinking {unknown}
 g - 2 scrolls of vulnerability {unknown}
 i - a scroll of enchant weapon {unknown}
 n - 2 scrolls of amnesia
 p - 4 scrolls of identify
 q - a scroll of fear {unknown}
 r - a scroll of poison {unknown}
 s - a scroll of teleportation
 w - 2 scrolls of brand weapon {unknown}
 A - a scroll of butterflies {unknown}
Potions
 d - a potion of might
 e - 2 potions of curing
 h - a potion of resistance
 k - a potion of haste
 o - a potion of heal wounds
 t - 2 potions of flight
 v - a potion of brilliance


   Skills:
 + Level 7.6 Fighting
 * Level 9.8 Axes
 + Level 7.6 Armour
 + Level 7.6 Shields


You had 8 spell levels left.
You didn't know any spells.
Your spell library contained the following spells:

 Spells                   Type           Power      Damage    Failure   Level
 Apportation              Tloc           0%         N/A       61%         1
 Shock                    Conj/Air       0%         1d3       61%         1
 Dazzling Flash           Conj/Hex       0%         N/A       93%         3
 Portal Projectile        Hex/Tloc       0%         N/A       93%         3
 Swiftness                Air            0%         N/A       93%         3
 Vhi's Electric Charge    Tloc/Air       0%         N/A       93%         3
 Airstrike                Air            0%         2d(0-16)  100%        4
 Agony                    Necr           0%         N/A       100%        5
 Alistair's Intoxication  Tmut/Pois      0%         N/A       100%        5
 Arcjolt                  Conj/Air       0%         1d10      100%        5
 Blade Hands              Tmut           0%         N/A       100%        5
 Silence                  Hex/Air        0%         N/A       100%        5
 Plasma Beam              Fire/Air       0%         2x1d11    100%        6
 Tukima's Dance           Hex            Unusable   N/A       N/A         3

Dungeon Overview and Level Annotations

Branches:
Dungeon (7/15)             Temple (1/1) D:4

Altars:
Ashenzari
Cheibriados
Dithmenos
Elyvilon
Fedhas
Gozag
Hepliaklqana
Kikubaaqudgha
Makhleb
Okawaru
Qazlal
Ru
Sif Muna
Trog
Uskayaw
Vehumet
Xom
Yredelemnul
Zin
The Shining One

Shops:
D:5 (

Annotations:
D:3 2 transporters, klichko's ghost, amateur GnWn
D:4 Menkaure
D:5 2 transporters


Innate Abilities, Weirdness & Mutations

You have a pair of horns on your head.
You reflexively headbutt those who attack you in melee.


Message History

The barbed spikes dig painfully into your body as you move.
As you read the scroll of teleportation, it crumbles to dust.
You feel strangely unstable.
The manticore flicks its tail.
The volley of spikes hits you!
The barbed spikes become lodged in your body.
The manticore flicks its tail.
The volley of spikes hits you!
The barbed spikes become lodged in your body.
* * * LOW HITPOINT WARNING * * *
The barbed spikes dig painfully into your body as you move.
* * * LOW HITPOINT WARNING * * *
You feel much better.
Your surroundings suddenly seem different.
The barbed spikes dig painfully into your body as you move.
* * * LOW HITPOINT WARNING * * *
The barbed spikes dig painfully into your body as you move.
* * * LOW HITPOINT WARNING * * *
The barbed spikes dig painfully into your body as you move.
* * * LOW HITPOINT WARNING * * *
An ogre comes into view. It is wielding a +0 giant club.
The barbed spikes dig painfully into your body as you move.
* * * LOW HITPOINT WARNING * * *
You are too injured to fight recklessly!
You are too injured to fight recklessly!
You hit the ogre.
The ogre is lightly wounded.
You carefully extract the barbed spikes from your body.
The ogre barely misses you. You furiously retaliate!
You headbutt the ogre! The ogre completely misses you.
The ogre attacks as you move away! The ogre barely misses you.
You furiously retaliate!
You headbutt the ogre.
Found an escape hatch in the floor.
Found a stone staircase leading down.
The ogre attacks as you move away! The ogre hits you with a +0 giant club!
* * * LOW HITPOINT WARNING * * *
Found a long sword.
The centaur shouts!
The centaur shoots an arrow.
The arrow closely misses you.
The centaur shoots an arrow.
The arrow hits you!
You die...

...###.....###......##.....
..
....##......#..............
##.
.#..........#.......####.#.
.. ....................#...
.. . .
.....#.................. .
...#
.......°≈≈≈≈≈...........
....
........≈≈≈≈≈...O........
....
........≈☼_☼≈............
.###
........≈≈§≈≈...@.......# #
.#....#§≈≈.§≈........... .
§#..... §..............# ..
.# .... >###............
..C. ###.###
.#...#........#. ....
.....###.##..#.......>#
....
....##......##.>.c......
........#... #..##.)...#
#....#....####...


You could see an ogre and a centaur.

Vanquished Creatures
  A hornet (D:7)
  Eustachio (D:5)
  2 water moccasins
  2 black bears (D:5)
  3 sky beasts
  An ogre (D:7)
  A kobold brigand (D:7)
  A bullfrog (D:5)
  5 scorpions
  3 wights (D:7)
  3 howler monkeys
  3 jellies
  4 hounds
  An orc priest (D:4)
  An iguana (D:7)
  3 sleepcaps
  Natasha (D:4)
  An orc wizard (D:4)
  Robin (D:4)
  7 gnolls
  9 adders
  A shadow imp (D:7)
  A white imp (D:7)
  2 ufetubi
  A dart slug (D:1)
  2 worms (D:2)
  10 orcs
  2 endoplasms (D:1)
  5 giant cockroaches
  8 goblins (D:4)
  5 hobgoblins
  4 jackals (D:5)
  4 quokkas
  8 ball pythons
  6 bats
  4 frilled lizards
  6 kobolds
  A rat (D:2)
124 creatures vanquished.

Notes
Turn   | Place    | Note
-------+----------+-------------------------------------------
     0 | D:1      | slobbisto the Minotaur Fighter began the quest for the Orb.
     0 | D:1      | Reached XP level 1. HP: 19/19 MP: 0/0
   553 | D:1      | Reached XP level 2. HP: 27/27 MP: 1/1
   617 | D:2      | Reached skill level 3 in Axes
  1095 | D:2      | Reached XP level 3. HP: 31/33 MP: 2/2
  1442 | D:2      | Reached XP level 4. HP: 40/40 MP: 3/3
  1625 | D:3      | Reached skill level 4 in Axes
  1845 | D:3      | Found a transporter.
  1845 | D:3      | Noticed klichko's ghost (amateur GnWn)
  2039 | D:3      | Reached XP level 5. HP: 45/47 MP: 4/4
  2149 | D:3      | Found a transporter.
  2318 | D:4      | Noticed Natasha
  2552 | D:4      | Found a hide-covered altar of Uskayaw.
  2660 | D:4      | You fall into a shaft and drop 2 floors!
  2660 | D:6      | Found a shimmering blue altar of Sif Muna.
  2670 | D:6      | Reached skill level 5 in Axes
  2682 | D:6      | Reached XP level 6. HP: 38/55 MP: 5/5
  2695 | D:5      | Entered Level 5 of the Dungeon
  2870 | D:5      | Reached skill level 5 in Fighting
  2870 | D:5      | Reached skill level 5 in Armour
  2870 | D:5      | Reached skill level 5 in Shields
  2875 | D:5      | Noticed a water moccasin
  2902 | D:5      | Killed a water moccasin
  3090 | D:4      | Found a staircase to the Ecumenical Temple.
  3141 | Temple   | Entered the Ecumenical Temple
  3141 | Temple   | Found a transporter.
  3141 | Temple   | Found a transporter.
  3143 | Temple   | Found a transporter.
  3143 | Temple   | Found a transporter.
  3195 | Temple   | Became a worshipper of Warmaster Okawaru
  3280 | D:4      | Killed Natasha
  3281 | D:4      | Reached skill level 6 in Axes
  3397 | D:4      | Noticed Robin
  3412 | D:4      | Killed Robin
  3418 | D:4      | Reached XP level 7. HP: 61/61 MP: 6/6
  3583 | D:4      | Noticed Menkaure
  3723 | D:5      | Found Isochoin's Weapon Emporium.
  3923 | D:5      | Found a basalt altar of Yredelemnul.
  3923 | D:5      | Found an ancient bone altar of Kikubaaqudgha.
  4050 | D:5      | Found a transporter.
  4058 | D:5      | Noticed a wraith
  4070 | D:5      | Found a transporter.
  4141 | D:5      | Reached * piety under Okawaru
  4142 | D:5      | Reached skill level 7 in Axes
  4485 | D:6      | Found a shimmering altar of Xom.
  4513 | D:5      | Reached XP level 8. HP: 13/70 MP: 7/7
  4788 | D:6      | Noticed Eustachio
  4841 | D:5      | Killed Eustachio
  4928 | D:6      | Reached skill level 8 in Axes
  4938 | D:6      | Noticed a manticore
  4978 | D:6      | Noticed a cyclops
  5199 | D:7      | Reached ** piety under Okawaru
  5428 | D:7      | Found a white marble altar of Elyvilon.
  5452 | D:7      | Reached skill level 9 in Axes
  5568 | D:7      | Reached XP level 9. HP: 79/79 MP: 8/8
  5792 | D:7      | Found a shadowy altar of Dithmenos.
  6039 | D:6      | HP: 3/79 [barbs]
  6060 | D:6      | Shot with an arrow by a centaur

Illustrated notes

Levels and vault maps discovered:
D:1:      minmay_arrival_solitary_statue, layout_loops_cross, minmay_tromino_v2
D:2:      layout_basic
D:3:      layout_basic, gammafunk_ghost_arena
D:4:      layout_basic, nicolae_overflow_crystal_walls,
          minmay_temple_entry_grid, amcnicky_mini_pool_small,
          kennysheep_cross_room, minmay_misc_feat_tiny, grunt_decor_resistance,
          uniq_menkaure, uniq_robin, uniq_natasha
D:5:      layout_gridville, gammafunk_temple_of_torment, serial_shops,
          nicolae_shop_hallway_plus, minmay_circle_x
D:6:      layout_cave_pools, nicolae_sif_muna_condensation, xom_butterflies,
          chequers_serial_rivers_micro_a, kb_rosetta, uniq_maggie,
          uniq_eustachio
D:7:      layout_basic, lemuel_doored_altar, amcnicky_altar_gilded
Temple:   hellmonk_temple_divided_pantheon

Skill      XL: |  1  2  3  4  5  6  7  8 |
---------------+-------------------------+-----
Axes           | 3 4 5 6 7 9 |  9.8
Fighting       | 4 5 6 7 |  7.6
Shields        | 4 5 6 7 |  7.6
Armour         | 4 5 6 7 |  7.6

Action                     |  1- 3 |  4- 6 |  7- 9 || total
---------------------------+-------+-------+-------++-------
  Melee: War axe           |    58 |   107 |   133 ||   298
         Headbutt          |     8 |    16 |    33 ||    57
         Battleaxe         |       |       |    39 ||    39
    Use: Potion            |       |     2 |     1 ||     3
         Scroll            |       |       |     9 ||     9
 Armour: Scale mail        |    35 |    34 |    56 ||   125
  Dodge: Dodged            |    33 |    47 |   118 ||   198
  Block: Buckler           |    15 |    21 |    32 ||    68
